 Dungeon Crawl Stone Soup version 0.28-a0-1493-g08698888e4 (webtiles) character file.

Game seed: 18261328880976306166

518 murtidash the Skirmisher (level 7, -3/63 HPs)
             Began as a Hill Orc Delver on Jan 13, 2022.
             Was an Initiate of Yredelemnul.
             Slain by Prince Ribbit (7 damage)
             ... on level 5 of the Dungeon.
             The game lasted 00:12:37 (6300 turns).

murtidash the Skirmisher (Hill Orc Delver)          Turns: 6300, Time: 00:12:37

Health: -3/63      AC: 14    Str: 21    XL:     7   Next: 21%
Magic:  7/7        EV:  6    Int: 16    God:    Yredelemnul [......]
Gold:   271        SH:  0    Dex: 12    Spells: 6/6 levels left

rFire   . . .      SeeInvis .   a - +0 hand axe
rCold   . . .      Faith    .   (no shield)
rNeg    . . .      Spirit   .   p - +0 plate armour
rPois   .          Reflect  .   e - +0 helmet
rElec   .          Harm     .   (no cloak)
rCorr   .          Rampage  .   w - +0 pair of gloves "Haxzororgh" {Str+4}
Will    +....                   (no boots)
Stlth   ..........              (no amulet)
HPRegen 0.20/turn               o - ring of willpower
MPRegen 0.10/turn               z - +6 ring of intelligence

@: attractive, invisible
A: no striking features
a: Renounce Religion, Recall Undead Harvest


You were on level 5 of the Dungeon.
You worshipped Yredelemnul.
Yredelemnul was noncommittal.
You visited 1 branch of the dungeon, and saw 5 of its levels.

You collected 285 gold pieces.
You spent 14 gold pieces at shops.

Inventory:

Hand Weapons
 a - a +0 hand axe (weapon)
 b - a +1 vampiric halberd {!w}
   (You took it off a gnoll on level 1 of the Dungeon)
 r - a +0 spear of venom
   (You took it off a gnoll on level 2 of the Dungeon)
Armour
 e - a +0 helmet (worn)
   (You took it off Robin on level 2 of the Dungeon)
 l - a +0 buckler
   (You found it on level 1 of the Dungeon)
 p - a +0 plate armour (worn)
   (You found it on level 2 of the Dungeon)
 q - a +0 leather armour
 w - the +0 pair of gloves "Haxzororgh" (worn) {Str+4}
   (You found it on level 4 of the Dungeon)

   Str:       It affects your strength (+4).
 y - the +4 pair of gloves of Kleptomania {Dex+4}
   (You found it on level 4 of the Dungeon)

   Dex:       It affects your dexterity (+4).
Magical Staves
 h - a staff of death {rN+}
   (You found it on level 4 of the Dungeon)
 m - a staff of fire {rF+}
   (You found it on level 1 of the Dungeon)
Jewellery
 o - a ring of willpower (left hand)
   (You found it on level 1 of the Dungeon)
 z - a +6 ring of intelligence (right hand)
   (You found it on level 4 of the Dungeon)
Wands
 g - a wand of digging (3)
 E - a wand of charming (11)
   (You found it on level 5 of the Dungeon)
Scrolls
 c - 2 scrolls of fog
 d - 2 scrolls of magic mapping {!r}
 i - 4 scrolls of identify {unknown}
 k - a scroll of immolation {unknown}
 s - 2 scrolls of teleportation {unknown}
 u - a scroll of vulnerability {unknown}
 A - a scroll of blinking {unknown}
 C - a scroll of fear
 D - a scroll of acquirement {unknown}
Potions
 f - a potion of haste
 n - 3 potions of attraction {!q}
 t - a potion of might {unknown}
 v - a potion of ambrosia {unknown}
 x - a potion of flight {unknown}


   Skills:
 + Level 6.0 Fighting
 + Level 5.7 Axes
 * Level 5.0 Armour
 - Level 1.5 Dodging
 - Level 4.1 Stealth


You had 6 spell levels left.
You didn't know any spells.
Your spell library contained the following spells:

 Spells                   Type           Power      Damage    Failure   Level
 Pain                     Necr           0%         1d4       99%         1
 Frozen Ramparts          Ice            0%         1d2       100%        3
 Ice Form                 Ice/Tmut       0%         N/A       100%        4
 Summon Ice Beast         Ice/Summ       0%         N/A       100%        4


Dungeon Overview and Level Annotations

Branches:
Dungeon (5/15)
 Temple: D:4-7

Altars:
Sif Muna
Yredelemnul
Zin

Shops:
D:1 !   D:5 (

Annotations:
D:5 Prince Ribbit


Message History

You swap places.
An orc comes into view. It is wielding a +0 club.
The orc shouts!
You barely miss the orc. The orc barely misses you.
You hit the orc. The orc hits you with a +0 club.
You take 4 damage, and have 59/63 hp.
You hit the orc but do no damage. The orc hits you but does no damage.
You barely miss the orc. The orc hits you but does no damage.
You hit the orc. The orc hits you with a +0 club.
You take 2 damage, and have 57/63 hp.
You hit the orc.
You kill the orc!
No target in view!
No target in view!
No target in view!
No target in view!
No target in view!
No target in view!
No target in view!
No target in view!
No target in view!
No target in view!
No target in view!
You see here a +0 club.
c - 2 scrolls of fog (gained 1)
You swap places.
Found an escape hatch in the ceiling.
Health restored: 63 Prince Ribbit comes into view.
Prince Ribbit croaks.
Prince Ribbit blinks!
Prince Ribbit moves out of view.
No target in view!
Okay, then.
Unknown command.
Okay, then.
Unknown command.
You completely miss Prince Ribbit. Prince Ribbit hits you! x2
You take 21 damage, and have 42/63 hp.
MASSIVE DAMAGE!!
You hit Prince Ribbit.
Prince Ribbit asks, "Just a little smooch?"
Prince Ribbit blinks!
Unknown command.
Unknown command.
Prince Ribbit blinks!
You hit Prince Ribbit but do no damage.
Prince Ribbit blinks!
You slash Prince Ribbit!
Prince Ribbit blinks!
You miss Prince Ribbit.
Prince Ribbit blinks!
Prince Ribbit hits you!
You take 8 damage, and have 36/63 hp.
You hit Prince Ribbit.
Prince Ribbit blinks!
Prince Ribbit blinks!
You barely miss Prince Ribbit.
Prince Ribbit hits you but does no damage.
Prince Ribbit hits you.
You take 6 damage, and have 31/63 hp.
You slash Prince Ribbit! Prince Ribbit hits you.
You take 5 damage, and have 26/63 hp.
You hit Prince Ribbit.
Prince Ribbit blinks!
Prince Ribbit blinks! x2
Prince Ribbit blinks!
You barely miss Prince Ribbit. Prince Ribbit hits you.
Your iguana zombie completely misses Prince Ribbit.
Prince Ribbit barely misses you.
You take 6 damage, and have 22/63 hp.
You slash Prince Ribbit! Prince Ribbit hits you!
* * * LOW HITPOINT WARNING * * *
Your iguana zombie completely misses Prince Ribbit.
You take 9 damage, and have 13/63 hp.
You completely miss Prince Ribbit. Prince Ribbit hits you.
* * * LOW HITPOINT WARNING * * *
Your iguana zombie misses Prince Ribbit.
You take 6 damage, and have 7/63 hp.
It was a potion of attraction.
You feel attractive to monsters. Prince Ribbit hits you.
* * * LOW HITPOINT WARNING * * *
Prince Ribbit blinks!
Prince Ribbit is attracted toward you.
You take 6 damage, and have 1/63 hp.
It was a potion of curing.
You feel better.
Prince Ribbit barely misses your iguana zombie.
Your iguana zombie misses Prince Ribbit.
You regained 7 hp, and now have 8/63 hp.
You feel better. Prince Ribbit hits your iguana zombie.
Your iguana zombie barely misses Prince Ribbit.
Prince Ribbit hits your iguana zombie!
You regained 6 hp, and now have 14/63 hp.
It was a potion of invisibility.
You fade into invisibility!
Prince Ribbit hits your iguana zombie but does no damage.
Your iguana zombie bites Prince Ribbit.
Prince Ribbit hits your iguana zombie!
Your iguana zombie is destroyed!
You catch the helpless Prince Ribbit completely off-guard!
You hit Prince Ribbit. Prince Ribbit barely misses you. x2
You hit Prince Ribbit. Prince Ribbit hits you!
* * * LOW HITPOINT WARNING * * *
You take 10 damage, and have 4/63 hp.
You barely miss Prince Ribbit. Prince Ribbit hits you!
You die...
Your body rises from the dead as a mindless zombie.

..#
#.##...##.#...#...#.#
.# ..#
#.###..##.#...#...#.#
.# #.# #.#
#...#.#...#...# #.#
###.# #..F#.#...#..<.
#.# #...#
#...#.#...+...#. #.#
#.#.###...#.#...# #.#
#.........#.##.## ..#
###.####>.#.##.####.
###
######....@.......
##....#F##.#####
#..........#
#..##.#.##.# #..
#.#.# # .... .....
..?.........
###..###.#.##. #..
#.#.. .#


You could see Prince Ribbit.

Vanquished Creatures
  A necrophage (D:4)
  A hound (D:5)
  An iguana (D:5)
  Terence (D:3)
  Robin (D:2)
  7 gnolls
  7 adders
  2 adder skeletons (D:4)
  A worm (D:2)
  2 dart slugs
  2 orcs
  6 endoplasms
  3 giant cockroaches
  10 goblins
  8 hobgoblins
  2 jackals (D:1)
  A quokka (D:1)
  6 ball pythons
  4 bats (D:1)
  4 frilled lizards
  4 kobolds
  A rat (D:3)
75 creatures vanquished.

Vanquished Creatures (collateral kills)
  A jelly (D:3)
  A bullfrog zombie (D:5)
  A hound (D:4)
  2 endoplasms
  A giant cockroach (D:1)
  2 goblins
  3 hobgoblins
  3 jackals (D:1)
  A ball python (D:1)
  A bat (D:1)
  A frilled lizard (D:1)
  A rat (D:1)
18 creatures vanquished.

Vanquished Creatures (others)
  An adder zombie (D:3)
  An iguana zombie (D:5)
  A bat zombie (D:1)
  A human zombie (D:3)
  A dart slug zombie (D:1)
  2 frilled lizard zombies
  A gnoll zombie (D:2)
  3 goblin zombies (D:2)
  A quokka zombie (D:1)
  A fungus (D:1)
  9 plants (D:4)
22 creatures vanquished.

Grand Total: 115 creatures vanquished

Notes
Turn   | Place    | Note
-------+----------+-------------------------------------------
     0 | D:5      | murtidash the Hill Orc Delver began the quest for the Orb.
     0 | D:5      | Reached XP level 1. HP: 19/19 MP: 1/1
    32 | D:5      | Found a basalt altar of Yredelemnul.
    39 | D:5      | Became a worshipper of Yredelemnul the Dark
   114 | D:4      | Noticed a jelly
   149 | D:4      | Reached skill level 3 in Axes
   319 | D:2      | Reached skill level 4 in Fighting
   319 | D:2      | Reached XP level 2. HP: 7/27 MP: 2/2
   554 | D:2      | Reached * piety under Yredelemnul
   756 | D:1      | Reached XP level 3. HP: 34/34 MP: 3/3
   887 | D:1      | Reached ** piety under Yredelemnul
   997 | D:1      | Reached skill level 4 in Axes
  1201 | D:1      | Found a faded altar of an unknown god.
  1262 | D:1      | Got Plato's Disquisition on Necromancy
  1276 | D:1      | Found Xunupuem's Distillery.
  1377 | D:1      | Bought a potion of degeneration for 14 gold pieces
  1444 | D:1      | Reached skill level 1 in Armour
  1465 | D:1      | Reached *** piety under Yredelemnul
  1687 | D:1      | Reached XP level 4. HP: 33/41 MP: 4/4
  1877 | D:2      | Noticed Robin
  2072 | D:2      | Killed Robin
  2240 | D:1      | Reached skill level 2 in Armour
  2478 | D:2      | HP: 2/41 [gnoll (10)]
  3122 | D:2      | Reached XP level 5. HP: 39/47 MP: 5/5
  3295 | D:1      | Reached skill level 5 in Fighting
  3826 | D:3      | Reached skill level 3 in Armour
  3882 | D:3      | Noticed Terence
  3910 | D:3      | Killed Terence
  4123 | D:3      | Found a shimmering blue altar of Sif Muna.
  4502 | D:3      | Your ally Terence died
  4506 | D:3      | Reached skill level 5 in Axes
  4506 | D:3      | Reached XP level 6. HP: 31/56 MP: 6/6
  4957 | D:4      | Identified the +0 pair of gloves "Haxzororgh" {Str+4}
  4983 | D:4      | Identified the +4 pair of gloves of Kleptomania {Dex+4}
  5057 | D:4      | Reached skill level 4 in Armour
  5321 | D:4      | Noticed a necrophage
  5342 | D:4      | Killed a necrophage
  5877 | D:5      | Reached XP level 7. HP: 61/62 MP: 7/7
  5922 | D:5      | Found a glowing silver altar of Zin.
  6006 | D:5      | Reached skill level 6 in Fighting
  6026 | D:5      | Reached skill level 5 in Armour
  6062 | D:5      | Found Arytat's Antique Weapon Shoppe.
  6261 | D:5      | Noticed Prince Ribbit
  6292 | D:5      | HP: 7/63 [Prince Ribbit (6)]
  6293 | D:5      | HP: 1/63 [Prince Ribbit (6)]
  6299 | D:5      | HP: 4/63 [Prince Ribbit (11)]
  6300 | D:5      | Slain by Prince Ribbit

Illustrated notes

Levels and vault maps discovered:
D:1:      dpeg_arrival_fog, layout_loops_cross, serial_shops,
          nicolae_shop_stone, shapermc_ecumenical_altar_rom_forum
D:2:      layout_basic, uniq_robin
D:3:      layout_basic, amcnicky_altar_gilded, uniq_terence
D:4:      layout_basic, serial_bayou_pond_c
D:5:      layout_basic, old_standard_altar, zin_academy, serial_shops,
          nicolae_shop_hallway_stairs, uniq_prince_ribbit1

Skill      XL: |  1  2  3  4  5  6  7 |
---------------+----------------------+-----
Axes           | 3 4 5 |  5.7
Fighting       | 4 5 6 |  6.0
Armour         | 1 2 3 4 5 |  5.0
Dodging        | |  1.5
Stealth        | |  4.1

Action                   |  1- 3 |  4- 6 |  7- 9 || total
-------------------------+-------+-------+-------++-------
Melee: Hand axe          |   120 |   242 |    41 ||   403
       Punch             |       |     9 |       ||     9
  Use: Scroll            |       |     2 |       ||     2
       Potion            |       |       |     4 ||     4
 Stab: Sleeping          |     9 |       |       ||     9
       Invisible         |       |       |     1 ||     1
Armor: Leather armour    |    35 |       |       ||    35
       Plate armour      |       |   166 |    15 ||   181
Dodge: Dodged            |    68 |    75 |    11 ||   154

Table legend: (Time is in decaauts)
 A = Elapsed time spent in this place.
 B = Non-inter-level travel time spent in this place.
 C = Inter-level travel time spent in this place.
 D = Time resting spent in this place.
 E = Time spent auto-exploring this place.
 F = Levels seen in this place.
 G = Mean time per level.
                   A        B        C        D        E       F      G
               +--------+--------+--------+--------+--------+-----+--------+
         Total |   6344 |   6270 |     74 |   1210 |   3924 |   5 | 1268.8 |
       Dungeon |   6344 |   6270 |     74 |   1210 |   3924 |   5 | 1268.8 |
               +--------+--------+--------+--------+--------+-----+--------+

Top non-repeatable levels by time:
     D:1: 2385 daAuts
     D:3: 1169 daAuts
     D:2: 1162 daAuts
     D:4: 988 daAuts
     D:5: 637 daAuts

Table legend:
 A = Kills in this place as a percentage of kills in entire the game.
 B = Kills by you in this place as a percentage of kills by you in the entire game.
 C = Kills by friends in this place as a percentage of kills by friends in the entire game.
 D = Other kills in this place as a percentage of other kills in the entire game.
 E = Experience gained in this place as a percentage of experience gained in the entire game.
 F = Experience gained in this place divided by the number of levels of this place that you have seen.
                   A       B       C       D       E      F
               +-------+-------+-------+-------+-------+----------------------
         Total | 100.0 | 100.0 | 100.0 |   N/A | 100.0 | 148.0
       Dungeon | 100.0 | 100.0 | 100.0 |   N/A | 100.0 | 148.0
               +-------+-------+-------+-------+-------+----------------------
